SL
BUCKHEAD BOWTIES @ NORTHERN VIRGINIA RAINBOW MERMAIDS
08/20/2037
 
TOP OF THE 1ST
Buckhead Bowties batting - Pitching for Northern Virginia Rainbow Mermaids : LHP Maxime Janssens
Pitching: LHP Maxime Janssens
Batting: SHB Nuygen Vuong 0-0: Ball
1-0: Called Strike
1-1: Foul Ball, location: 2F
1-2: Foul Ball, location: 2F
1-2: Foul Ball, location: 2F
1-2: SINGLE (Groundball, 56D, EV 110.6 MPH)
Batting: RHB Jeff Mouton 0-0: Called Strike
0-1: Foul Ball, location: 2F
0-2: Ball
1-2: Strikes out looking
Batting: LHB Marcus Shill 0-0: Ball
1-0: Fly out, F5 (Line Drive, 5, EV 66.2 MPH)
Batting: RHB Emílio Agramónte 0-0: Called Strike
0-1: Ball
1-1: Foul Ball, location: 2F
1-2: Ball
2-2: Fly out, F9 (Flyball, 9S, EV 86.9 MPH)
Top of the 1st over - 0 runs, 1 hit, 0 errors, 1 left on base; Buckhead 0 - Northern Virginia 0
BOTTOM OF THE 1ST
Northern Virginia Rainbow Mermaids batting - Pitching for Buckhead Bowties : RHP Scott Colorado
Pitching: RHP Scott Colorado
Batting: SHB Shiki Sanu 0-0: Fly out, F7 (Line Drive, 7, EV 110.6 MPH)
Batting: LHB Jason Schneider 0-0: Ball
1-0: Ball
2-0: Ball
3-0: Called Strike
3-1: Base on Balls
Batting: RHB Daniel McCoy 0-0: Ball
1-0: Ball
2-0: Foul Ball, location: 2F
2-1: Ball
3-1: Called Strike
3-2: Foul Ball, location: 2F
3-2: SINGLE (Line Drive, 8RS, EV 102.5 MPH)
Jason Schneider to second
Runner from 2nd tries for 3rd, SAFE, no throw by CF
Batting: LHB Dewitt Hopper 0-0: SINGLE (Groundball, 3D, EV 95.6 MPH)
Jason Schneider scores
Daniel McCoy to second
Runner from 2nd tries for 3rd, SAFE, no throw by RF
Batting: LHB Owen Sharts 0-0: Ball
1-0: Ball
2-0: Ball
3-0: Called Strike
3-1: Called Strike
3-2: Base on Balls
Dewitt Hopper to second
Batting: RHB Tony Calhoun 0-0: Grounds into fielders choice 1-2 (Groundball, 13, EV 89.4 MPH)
Dewitt Hopper to third
Owen Sharts to second
Batting: RHB Eric Deweese 0-0: SINGLE (Groundball, 4MD, EV 95.6 MPH)
Dewitt Hopper scores
Owen Sharts to third
Tony Calhoun to second
Runner from 3rd tries for Home, SAFE, throw by CF to home
Batting: RHB David Elías 0-0: Called Strike
0-1: Fielders Choice at 2nd, 5-4 (Groundball, 5, EV 98.8 MPH)
Bottom of the 1st over - 3 runs, 3 hits, 0 errors, 2 left on base; Buckhead 0 - Northern Virginia 3
TOP OF THE 2ND
Buckhead Bowties batting - Pitching for Northern Virginia Rainbow Mermaids : LHP Maxime Janssens
Batting: LHB Shunso Kiyomizu 0-0: Called Strike
0-1: Ball
1-1: Fly out, F2 (Popup, 2LF, EV 86.2 MPH)
Batting: RHB Henry Lambright 0-0: Called Strike
0-1: Ball
1-1: Called Strike
1-2: Ground out 4-3 (Groundball, 34, EV 86.9 MPH)
Batting: SHB Henrique de Senna Fernandes 0-0: Called Strike
0-1: Ground out 1-3 (Groundball, 15S, EV 70.6 MPH)
Top of the 2nd over - 0 runs, 0 hits, 0 errors, 0 left on base; Buckhead 0 - Northern Virginia 3
BOTTOM OF THE 2ND
Northern Virginia Rainbow Mermaids batting - Pitching for Buckhead Bowties : RHP Scott Colorado
Batting: RHB Scott Dourque 0-0: Called Strike
0-1: Reached on error, E1 (Groundball, 15S, EV 73.8 MPH)
Batting: SHB Shiki Sanu 0-0: Ball
1-0: Swinging Strike
1-1: Ground out 4-3 (Groundball, 34, EV 85.6 MPH)
Scott Dourque to third
Batting: LHB Jason Schneider 0-0: SINGLE (Groundball, 34D, EV 99.4 MPH)
Scott Dourque scores
Batting: RHB Daniel McCoy 0-0: Grounds into double play, 6-4-3 (Groundball, 6, EV 98.8 MPH)
Bottom of the 2nd over - 1 run, 1 hit, 1 error, 0 left on base; Buckhead 0 - Northern Virginia 4
TOP OF THE 3RD
Buckhead Bowties batting - Pitching for Northern Virginia Rainbow Mermaids : LHP Maxime Janssens
Batting: RHB Elia Amberezzio 0-0: Called Strike
0-1: Called Strike
0-2: Strikes out swinging
Batting: LHB Badry Maksimenov 0-0: Called Strike
0-1: Called Strike
0-2: Ball
1-2: Ball
2-2: Strikes out swinging, 2-3 out at first.
Batting: SHB Nuygen Vuong 0-0: Called Strike
0-1: Foul Ball, location: 2F
0-2: Foul Ball, location: 2F
0-2: Ball
1-2: Ball
2-2: Ball
3-2: Foul Ball, location: 2F
3-2: Fly out, F4 (Popup, 34D, EV 51.9 MPH)
Top of the 3rd over - 0 runs, 0 hits, 0 errors, 0 left on base; Buckhead 0 - Northern Virginia 4
BOTTOM OF THE 3RD
Northern Virginia Rainbow Mermaids batting - Pitching for Buckhead Bowties : RHP Scott Colorado
Batting: LHB Dewitt Hopper 0-0: Swinging Strike
0-1: Ball
1-1: Foul Ball, location: 2F
1-2: Ground out 4-3 (Groundball, 4, EV 78.1 MPH)
Batting: LHB Owen Sharts 0-0: SINGLE (Line Drive, 6D, EV 96.9 MPH)
Batting: RHB Tony Calhoun 0-0: SINGLE (Groundball, 4MD, EV 96.2 MPH)
Owen Sharts to second
Runner from 2nd tries for 3rd, SAFE, no throw by CF
Batting: RHB Eric Deweese 0-0: Called Strike
Tony Calhoun steals 2nd, throwing error, E2
Owen Sharts scores
Tony Calhoun to third
0-1: Foul Ball, location: 2F
0-2: Strikes out looking
Batting: RHB David Elías 0-0: Ball
1-0: Called Strike
1-1: Ball
2-1: Ball
3-1: Foul Ball, location: 2F
3-2: Ground out 5-3 (Groundball, 56S, EV 66.9 MPH)
Bottom of the 3rd over - 1 run, 2 hits, 1 error, 1 left on base; Buckhead 0 - Northern Virginia 5
TOP OF THE 4TH
Buckhead Bowties batting - Pitching for Northern Virginia Rainbow Mermaids : LHP Maxime Janssens
Batting: RHB Jeff Mouton 0-0: Ball
1-0: Called Strike
1-1: Called Strike
1-2: Ground out 5-3 (Groundball, 56, EV 102.5 MPH)
Batting: LHB Marcus Shill 0-0: Fly out, F8 (Line Drive, 8RD, EV 93.8 MPH)
Batting: RHB Emílio Agramónte 0-0: Ball
1-0: Swinging Strike
1-1: Ball
2-1: Ball
3-1: Called Strike
3-2: Fly out, F9 (Flyball, 9S, EV 88.1 MPH)
Top of the 4th over - 0 runs, 0 hits, 0 errors, 0 left on base; Buckhead 0 - Northern Virginia 5
BOTTOM OF THE 4TH
Northern Virginia Rainbow Mermaids batting - Pitching for Buckhead Bowties : RHP Scott Colorado
Batting: RHB Scott Dourque 0-0: Ball
1-0: Fly out, F5 (Line Drive, 5, EV 61.2 MPH)
Batting: SHB Shiki Sanu 0-0: Swinging Strike
0-1: Called Strike
0-2: Ball
1-2: Foul Ball, location: 2F
1-2: Foul Ball, location: 2F
1-2: Fly out, F4 (Popup, 34D, EV 73.1 MPH)
Batting: LHB Jason Schneider 0-0: Ground out U3 (Groundball, 3S, EV 88.8 MPH)
Bottom of the 4th over - 0 runs, 0 hits, 0 errors, 0 left on base; Buckhead 0 - Northern Virginia 5
TOP OF THE 5TH
Buckhead Bowties batting - Pitching for Northern Virginia Rainbow Mermaids : LHP Maxime Janssens
Batting: LHB Shunso Kiyomizu 0-0: Ball
1-0: Ground out 4-3 (Groundball, 4, EV 104.4 MPH)
Batting: RHB Henry Lambright 0-0: Called Strike
0-1: Fly out, F9 (Flyball, 9S, EV 88.8 MPH)
Batting: SHB Henrique de Senna Fernandes 0-0: Ball
1-0: Called Strike
1-1: Ball
2-1: Ball
3-1: Foul Ball, location: 2F
3-2: Base on Balls
Batting: RHB Elia Amberezzio 0-0: Ball
1-0: Fly out, F8 (Flyball, 8RD, EV 106.9 MPH)
Top of the 5th over - 0 runs, 0 hits, 0 errors, 1 left on base; Buckhead 0 - Northern Virginia 5
BOTTOM OF THE 5TH
Northern Virginia Rainbow Mermaids batting - Pitching for Buckhead Bowties : RHP Scott Colorado
Batting: RHB Daniel McCoy 0-0: Ball
1-0: Ball
2-0: Ball
3-0: Base on Balls
Pitching: LHP Ming-jiang Wu
Batting: LHB Dewitt Hopper 0-0: Called Strike
0-1: Ball
1-1: Foul Ball, location: 2F
1-2: Ball
2-2: Strikes out swinging
Batting: LHB Owen Sharts 0-0: Swinging Strike
0-1: Ball
1-1: Ball
2-1: Ball
3-1: Swinging Strike
3-2: Fly out, F8 (Flyball, 8RS, EV 81.9 MPH)
Batting: RHB Tony Calhoun 0-0: Ball
1-0: Swinging Strike
1-1: Ball
2-1: Ground out 5-3 (Groundball, 56S, EV 61.2 MPH)
Bottom of the 5th over - 0 runs, 0 hits, 0 errors, 1 left on base; Buckhead 0 - Northern Virginia 5
TOP OF THE 6TH
Buckhead Bowties batting - Pitching for Northern Virginia Rainbow Mermaids : LHP Maxime Janssens
Batting: LHB Badry Maksimenov 0-0: Ball
1-0: Called Strike
1-1: Called Strike
1-2: Foul Ball, location: 2F
1-2: SINGLE (Groundball, 6D, EV 98.1 MPH)
Batting: SHB Nuygen Vuong 0-0: Ball
1-0: Ball
2-0: Ball
3-0: Base on Balls
Badry Maksimenov to second
Batting: RHB Jeff Mouton 0-0: Called Strike
0-1: Ball
1-1: SINGLE (Line Drive, 78M, EV 92.5 MPH)
Badry Maksimenov to third
Nuygen Vuong to second
Batting: LHB Marcus Shill 0-0: Called Strike
0-1: Ball
1-1: Ball
2-1: Foul Ball, location: 2F
2-2: Foul Ball, location: 2F
2-2: Grounds into double play, 2-2-3 (Groundball, 13S, EV 70.0 MPH)
Nuygen Vuong to third
Jeff Mouton to second
Batting: RHB Emílio Agramónte 0-0: Ball
1-0: Ball
2-0: Foul Ball, location: 2F
2-1: Ball
3-1: Swinging Strike
3-2: 3-RUN HOME RUN (Flyball, 8LXD, EV 93.8 MPH), Distance : 452 ft
Batting: LHB Shunso Kiyomizu 0-0: Foul Ball, location: 2F
0-1: Foul Ball, location: 2F
0-2: Foul Ball, location: 2F
0-2: Ground out 4-3 (Groundball, 4, EV 83.1 MPH)
Top of the 6th over - 3 runs, 3 hits, 0 errors, 0 left on base; Buckhead 3 - Northern Virginia 5
BOTTOM OF THE 6TH
Northern Virginia Rainbow Mermaids batting - Pitching for Buckhead Bowties : LHP Ming-jiang Wu
Batting: RHB Eric Deweese 0-0: Ball
1-0: Foul Ball, location: 2F
1-1: Ground out 6-3 (Groundball, 6, EV 85.0 MPH)
Batting: RHB David Elías 0-0: Ball
1-0: Fly out, F7 (Flyball, 7, EV 91.2 MPH)
Batting: RHB Scott Dourque 0-0: Ball
1-0: Swinging Strike
1-1: Ground out 4-3 (Groundball, 4, EV 101.2 MPH)
Bottom of the 6th over - 0 runs, 0 hits, 0 errors, 0 left on base; Buckhead 3 - Northern Virginia 5
TOP OF THE 7TH
Buckhead Bowties batting - Pitching for Northern Virginia Rainbow Mermaids : LHP Maxime Janssens
Pitching: RHP Randy Carr
Batting: RHB Henry Lambright 0-0: Fly out, F7 (Line Drive, 7D, EV 94.4 MPH)
Batting: SHB Henrique de Senna Fernandes 0-0: Ball
1-0: SINGLE (Line Drive, 5D, EV 110.6 MPH)
Batting: RHB Elia Amberezzio 0-0: Swinging Strike
0-1: Foul Ball, location: 2F
0-2: Ball
1-2: Strikes out swinging
Pitching: LHP Bobby Ruegsegger
Batting: LHB Badry Maksimenov 0-0: Called Strike
0-1: Foul Ball, location: 2F
0-2: Ball
1-2: Strikes out swinging
Top of the 7th over - 0 runs, 1 hit, 0 errors, 1 left on base; Buckhead 3 - Northern Virginia 5
BOTTOM OF THE 7TH
Northern Virginia Rainbow Mermaids batting - Pitching for Buckhead Bowties : LHP Ming-jiang Wu
Batting: SHB Shiki Sanu 0-0: Called Strike
0-1: Fly out, F8 (Flyball, 89D, EV 96.9 MPH)
Batting: LHB Jason Schneider 0-0: Called Strike
0-1: Foul Ball, location: 2F
0-2: Foul Ball, location: 2F
0-2: SINGLE (Groundball, 4D, EV 97.5 MPH)
Batting: RHB Daniel McCoy 0-0: Called Strike
0-1: Ball
1-1: Ball
2-1: Foul Ball, location: 2F
2-2: Strikes out swinging
Batting: LHB Dewitt Hopper 0-0: Foul Ball, location: 2F
0-1: Swinging Strike
0-2: Ball
1-2: Strikes out swinging
Bottom of the 7th over - 0 runs, 1 hit, 0 errors, 1 left on base; Buckhead 3 - Northern Virginia 5
TOP OF THE 8TH
Buckhead Bowties batting - Pitching for Northern Virginia Rainbow Mermaids : LHP Bobby Ruegsegger
Pitching: RHP Yoriyoshi Sugimoto
Batting: SHB Nuygen Vuong 0-0: Called Strike
0-1: Foul Ball, location: 2F
0-2: Strikes out swinging
Batting: RHB Jeff Mouton 0-0: Called Strike
0-1: Ground out 6-3 (Groundball, 6, EV 105.6 MPH)
Batting: LHB Marcus Shill 0-0: Foul Ball, location: 2F
0-1: Ball
1-1: Foul Ball, location: 2F
1-2: SINGLE (Line Drive, 34D, EV 98.8 MPH)
Batting: RHB Emílio Agramónte 0-0: Ball
1-0: Ball
2-0: Called Strike
2-1: Foul Ball, location: 2F
2-2: Ball
3-2: Foul Ball, location: 2F
3-2: Strikes out swinging
Top of the 8th over - 0 runs, 1 hit, 0 errors, 1 left on base; Buckhead 3 - Northern Virginia 5
BOTTOM OF THE 8TH
Northern Virginia Rainbow Mermaids batting - Pitching for Buckhead Bowties : LHP Ming-jiang Wu
Batting: LHB Owen Sharts 0-0: Called Strike
0-1: Ball
1-1: Ball
2-1: Swinging Strike
2-2: Ball
3-2: Base on Balls
Batting: RHB Tony Calhoun 0-0: Bunt - Flyout to 13! F1
Batting: RHB Eric Deweese 0-0: Ball
1-0: Ball
2-0: Foul Ball, location: 2F
2-1: Ball
3-1: Called Strike
3-2: Base on Balls
Owen Sharts to second
Pitching: RHP Brian Fixel
Batting: RHB David Elías 0-0: Ball
1-0: Foul Ball, location: 2F
1-1: Ball
2-1: Ball
3-1: Grounds into double play, 5-4-3 (Groundball, 56, EV 83.8 MPH)
Bottom of the 8th over - 0 runs, 0 hits, 0 errors, 1 left on base; Buckhead 3 - Northern Virginia 5
TOP OF THE 9TH
Buckhead Bowties batting - Pitching for Northern Virginia Rainbow Mermaids : RHP Yoriyoshi Sugimoto
Pitching: RHP Brewster Warble
Batting: LHB Shunso Kiyomizu 0-0: Called Strike
0-1: Called Strike
0-2: Ball
1-2: Strikes out looking
Batting: RHB Henry Lambright 0-0: Swinging Strike
0-1: Called Strike
0-2: Strikes out swinging
Batting: SHB Henrique de Senna Fernandes 0-0: Ball
1-0: Ball
2-0: Called Strike
2-1: Foul Ball, location: 2F
2-2: Ball
3-2: Base on Balls
Batting: RHB Elia Amberezzio 0-0: Called Strike
0-1: Called Strike
0-2: Strikes out swinging
Top of the 9th over - 0 runs, 0 hits, 0 errors, 1 left on base; Buckhead 3 - Northern Virginia 5
Thursday, January 23rd, 2020 - OOTP Baseball 20.8 Build 74